 Dungeon Crawl Stone Soup version 0.21.1-1-g345015f (webtiles) character file.

4338 inc the Fighter (level 10, -9/74 HPs)
             Began as an Octopode Conjurer on June 11, 2018.
             Was an Initiate of Gozag.
             Mangled by a two-headed ogre
             ... wielding a +0 giant club
              (15 damage)
             ... on level 8 of the Dungeon.
             The game lasted 00:22:19 (9776 turns).

inc the Fighter (Octopode Conjurer)                 Turns: 9776, Time: 00:22:19

Health: -9/74      AC:  1    Str:  8    XL:     10   Next: 33%
Magic:  23/23      EV: 12    Int: 21    God:    Gozag
Gold:   1129       SH: 12    Dex: 12    Spells: 12/15 levels left

rFire    . . .     SeeInvis .   t - +4 spear (vamp)
rCold    + . .     Gourm    .   p - +3 shield
rNeg     . . .     Faith    .   (helmet restricted)
rPois    .         Spirit   .   (no amulet)
rElec    .         Reflect  .   r - ring of ice
rCorr    .         Harm     .   n - ring of magical power
MR       .....                  v - ring of protection from fire
Stlth    +++.......             (no ring)
HPRegen  0.22/turn              (no ring)
MPRegen  0.18/turn              (no ring)
                                (no ring)
                                (no ring)

@: gold aura
A: almost no armour, stealthy swim, amphibious, 8 rings, constrict 8, camouflage
1, gelatinous body 1
a: Potion Petition, Call Merchant, Bribe Branch, Renounce Religion


You were on level 8 of the Dungeon.
You worshipped Gozag.
Gozag was most pleased with you.
You were not hungry.

You visited 2 branches of the dungeon, and saw 9 of its levels.
You also visited: Ossuary.

You collected 1198 gold pieces.
You paid 69 gold pieces to Gozag.

Inventory:

Hand Weapons
 j - the +6 trident of the Hall of Blades {drain, Str+4}
   (You took it off an orc priest on level 4 of the Dungeon)

   A truly terrible weapon, it drains the life of those it strikes.
   It affects your strength (+4).
 o - the +3 trident of Diamul {pierce, rElec Str+4}
   (You found it on level 6 of the Dungeon)

   It inflicts extra damage upon your enemies.
   It affects your strength (+4).
   It insulates you from electricity.
 t - a +4 vampiric spear (weapon)
Armour
 p - a +3 shield (worn)
Jewellery
 h - an uncursed amulet of the gourmand
 n - a ring of magical power (right tentacle)
 r - a ring of ice (left tentacle)
 v - a ring of protection from fire (on tentacle)
 x - an uncursed ring of teleportation
Wands
 g - a wand of iceblast (11)
 w - a wand of enslavement (5)
 z - a wand of flame (12)
Scrolls
 f - 2 scrolls of fear
 i - 2 scrolls of immolation
 q - a scroll of fog
 s - a scroll of magic mapping {unknown}
 y - a scroll of remove curse
Potions
 b - 2 potions of lignification
 d - a potion of cancellation {unknown}
 e - 2 potions of invisibility {unknown}
 k - a potion of berserk rage {unknown}
 l - 3 potions of degeneration
 m - 3 potions of haste
 u - a potion of agility {unknown}
Books
 a - a book of Conjurations

   Spells                             Type                      Level
   a - Magic Dart                     Conjuration                  1
   b - Searing Ray                    Conjuration                  2
   c - Dazzling Spray                 Conjuration/Hexes            3
   d - Fulminant Prism                Conjuration/Hexes            4
   e - Force Lance                    Conjuration/Translocation    4
   f - Iskenderun's Mystic Blast      Conjuration                  4
Comestibles
 c - 7 rations


   Skills:
 + Level 9.4 Fighting
 - Level 8.1 Polearms
 - Level 2.0 Dodging
 - Level 2.6 Stealth
 - Level 7.0 Shields
 - Level 3.2 Spellcasting
 - Level 4.2 Conjurations


You had 12 spell levels left.
You knew the following spells:

 Your Spells              Type           Power        Failure   Level  Hunger
a - Magic Dart            Conj           ###.         6%          1    None
b - Searing Ray           Conj           ###...       10%         2    ##.....


Dungeon Overview and Level Annotations

Branches:
Dungeon (8/15)             Temple (1/1) D:5
   Lair: D:8-11

Altars:
Ashenzari
Cheibriados
Dithmenos
Elyvilon
Fedhas
Gozag
Hepliaklqana
Kikubaaqudgha
Makhleb
Nemelex Xobeh
Okawaru
Qazlal
Ru
Sif Muna
Trog
Uskayaw
Wu Jian
Xom
Yredelemnul
Zin
The Shining One

Shops:
D:4 }   D:6 (

Annotations:
D:5 MothsLongingForFire's ghost, novice MiBe
D:6 Prince Ribbit


Innate Abilities, Weirdness & Mutations

You cannot wear most types of armour.
You are very stealthy in the water. (Stealth+)
You are amphibious.
You can wear up to eight rings at the same time.
You can use your tentacles to constrict eight enemies at once.
Your skin changes colour to match your surroundings (Stealth+).
Your rubbery body absorbs attacks. (AC +1, EV +1)


Message History

You hit the worker ant.
You feel better.
You kill the worker ant!
You puncture the two-headed ogre!
The two-headed ogre is lightly wounded.
You puncture the two-headed ogre!
The two-headed ogre is moderately wounded.
You block the two-headed ogre's attack. x2
You barely miss the two-headed ogre. You squeeze the two-headed ogre!
The two-headed ogre is heavily wounded.
The two-headed ogre hits you with a giant club!
The two-headed ogre hits you with a giant club!!
You hit the two-headed ogre.
The two-headed ogre is heavily wounded.
You hit the two-headed ogre.
You feel better.
The two-headed ogre is heavily wounded.
The two-headed ogre hits you with a giant club!!
* * * LOW HITPOINT WARNING * * *
The two-headed ogre hits you with a giant club!
You die...
Your body crumbles into a pile of gold.

#.........# #.# #.# #+##
#####.##### #...##
#.........# #.....# #
#.###.....# ##.......
#####.#####...####........
.................O........
..>##.#####.....@#........
...##.# ##...8..##O......
...##.# #.......# #.....#
#.###.# #........# #...##
#.# #.# #.......## #+##
#.# #.# #<#.#..## #.#
.........## #.# ##.####
#.# #.


You could see a two-headed ogre.

Vanquished Creatures
  Pikel (D:6)
  A hornet (D:7)
  2 steam dragons
  A hungry ghost (D:8)
  Menkaure (D:6)
  An orc warrior (D:7)
  A sky beast (D:5)
  2 necrophages (D:8)
  5 ogres
  2 centaurs
  An elf zombie (Ossuary)
  6 bullfrogs
  A water moccasin zombie (D:7)
  A scorpion (D:8)
  5 wights (D:7)
  A bullfrog zombie (D:5)
  5 centaur zombies
  4 crimson imps
  2 human zombies (Ossuary)
  3 orc priests
  2 hounds
  A centaur skeleton (D:7)
  A gnoll shaman (D:5)
  A bullfrog skeleton (D:8)
  Terence (D:2)
  2 iguanas
  3 orc wizards
  8 worker ants
  2 hound zombies
  2 hound skeletons
  4 mummies
  2 worker ant zombies (D:5)
  9 gnolls
  A howler monkey skeleton (D:6)
  12 adders
  A shadow imp (D:7)
  6 adder zombies (Ossuary)
  5 worms
  A dart slug (D:1)
  3 leopard geckos
  25 orcs
  5 giant cockroaches
  6 goblins
  13 hobgoblins
  6 jackals
  2 quokkas
  7 bats
  6 frilled lizards
  A goblin zombie (Ossuary)
  A hobgoblin zombie (Ossuary)
  7 jackal zombies (Ossuary)
  6 kobolds
  3 kobold zombies (Ossuary)
  A leopard gecko zombie (D:6)
  3 orc zombies (Ossuary)
  6 quokka zombies
  11 rats
  3 rat zombies (Ossuary)
225 creatures vanquished.

Vanquished Creatures (others)
  4 slaves (D:6)
  2 bullfrogs
  A worker ant (D:6)
  A quokka (D:6)
  A fungus (D:7)
9 creatures vanquished.

Grand Total: 234 creatures vanquished

Notes
Turn   | Place    | Note
-------+----------+-------------------------------------------
     0 | D:1      | inc the Octopode Conjurer began the quest for the Orb.
     0 | D:1      | Reached XP level 1. HP: 11/11 MP: 3/3
   153 | D:1      | Reached XP level 2. HP: 17/17 MP: 1/5
   289 | D:1      | Reached skill level 1 in Fighting
   624 | D:2      | Reached XP level 3. HP: 21/23 MP: 3/6
   650 | D:2      | Noticed Terence
   668 | D:2      | Killed Terence
   671 | D:2      | Reached skill level 2 in Fighting
   799 | D:2      | Reached XP level 4. HP: 28/29 MP: 4/8
  1147 | D:2      | Learned a level 2 spell: Searing Ray
  2231 | D:3      | Reached skill level 1 in Shields
  2278 | D:3      | Reached XP level 5. HP: 29/35 MP: 1/9
  2759 | D:3      | Reached XP level 6. HP: 12/41 MP: 0/10
  3223 | D:4      | Found Bilis's Gadget Boutique.
  3674 | D:4      | Reached skill level 5 in Shields
  3873 | D:4      | Reached XP level 7. HP: 21/45 MP: 11/11
  3883 | D:4      | Got a jewelled trident {drain}
  4389 | D:5      | Entered Level 5 of the Dungeon
  4678 | D:5      | Noticed MothsLongingForFire's ghost (novice MiBe)
  4798 | D:5      | Identified the +6 trident of the Hall of Blades {drain, Str+4} (You took it off an orc priest on level 4 of the Dungeon)
  5336 | D:5      | Reached skill level 1 in Polearms
  5387 | D:5      | Reached XP level 8. HP: 26/51 MP: 12/12
  5807 | D:5      | Found a staircase to the Ecumenical Temple.
  5817 | Temple   | Entered the Ecumenical Temple
  5892 | Temple   | Became a worshipper of Gozag Ym Sagoz the Greedy
  6362 | D:6      | Noticed Pikel
  6380 | D:6      | Killed Pikel
  6525 | D:6      | Found Wiaceh's Antique Weapon Shop.
  6564 | D:6      | Reached XP level 9. HP: 55/55 MP: 13/13
  6608 | D:6      | Noticed Prince Ribbit
  6635 | D:6      | Found an iron altar of Okawaru.
  6642 | D:6      | Noticed Menkaure
  6671 | D:6      | Killed Menkaure
  7022 | D:6      | Got a bone trident
  7434 | D:7      | Noticed a hornet
  7705 | D:7      | Paralysed by a hornet for 1 turns
  7711 | D:7      | Paralysed by a hornet for 1 turns
  7715 | D:7      | Killed a hornet
  7715 | D:7      | Reached skill level 3 in Fighting
  7720 | D:7      | Reached skill level 4 in Fighting
  7775 | D:7      | Found a sand-covered staircase.
  7785 | Ossuary  | Entered an ossuary
  8089 | Ossuary  | Reached skill level 5 in Fighting
  8300 | Ossuary  | Identified the +3 trident of Diamul {pierce, rElec Str+4} (You found it on level 6 of the Dungeon)
  8470 | D:7      | Reached skill level 6 in Fighting
  8732 | D:7      | Reached skill level 7 in Fighting
  9221 | D:7      | Reached XP level 10. HP: 64/71 MP: 14/14
  9268 | D:7      | Reached skill level 8 in Fighting
  9630 | D:8      | Reached skill level 9 in Fighting
  9761 | D:8      | Noticed a two-headed ogre
  9776 | D:8      | Mangled by a two-headed ogre

Skill      XL: |  1  2  3  4  5  6  7  8  9 10 |
---------------+-------------------------------+-----
Fighting       | 1 2 7 9 |  9.4
Spellcasting   | 3 |  3.2
Shields        | 1 3 5 6 7 |  7.0
Polearms       | 2 7 8 |  8.1
Dodging        | |  2.0
Stealth        | |  2.6
Conjurations   | |  4.2

Action                   |  1- 3 |  4- 6 |  7- 9 | 10-12 || total
-------------------------+-------+-------+-------+-------++-------
Melee: Short sword       |    13 |     5 |       |       ||    18
       Constrict         |     4 |    20 |    79 |    10 ||   113
       Tentacles         |     1 |    24 |    76 |    16 ||   117
       Dagger            |       |    75 |       |       ||    75
       Spear             |       |    20 |   425 |   101 ||   546
       Trident           |       |       |    33 |       ||    33
 Cast: Magic Dart        |    38 |   102 |    23 |     7 ||   170
       Searing Ray       |       |     5 |     9 |     4 ||    18
Invok: Potion Petition   |       |       |       |     1 ||     1
  Use: Scroll            |       |    10 |    11 |       ||    21
       Potion            |       |       |    11 |       ||    11
 Stab: Sleeping          |       |     2 |     9 |       ||    11
       Distracted        |       |       |     3 |     1 ||     4
  Eat: Chunk             |       |     6 |    10 |       ||    16
       Ration            |       |     3 |     4 |       ||     7
Armor: Skin              |     1 |    24 |     8 |     1 ||    34
Dodge: Dodged            |     8 |    73 |   119 |    24 ||   224
Block: Shield            |       |    35 |   169 |    52 ||   256
